[Event "13th KIIT Festival-A 2022"]
[Site "Bhubaneswar"]
[Date "2022.05.26"]
[Round "7.10"]
[White "Arpita, Mukherjee"]
[Black "Koustav Chakraborty"]
[Result "1-0"]
[ECO "B31"]
[WhiteElo "2275"]
[BlackElo "1945"]
[Annotator "TA"]
[PlyCount "65"]
[EventDate "2022.05.15"]
[EventType "swiss"]
[EventCountry "IND"]
[SourceTitle "playchess.com"]
[Source "ChessBase"]
[SourceQuality "1"]
[TimeControl "5400+30"]

1. e4 c5 2. Nf3 Nc6 3. Bb5 g6 4. Bxc6 dxc6 5. d3 Bg7 6. Nc3 Nf6 7. Be3 b6 8. h3 Qc7 9. Qd2 e5 10. Bh6 O-O 11. O-O Nh5 12. Bxg7 Kxg7 13. Ne2 {[%emt 0:00:19] B31: Sicilian: 2...Nc6 3 Bb5 g6.} f6 {[%emt 0:10:21] [#]} (13... Kg8) (13... Re8 $11 {keeps the balance.}) 14. a3 {[%emt 0:12:56] [#]} (14. g4) (14. g4 $1 $16 ) 14... Kh8 $146 ({Predecessor:} 14... a5 15. b4 axb4 16. axb4 Rxa1 17. Rxa1 cxb4 18. Qxb4 Be6 19. Ra6 Rb8 20. Qa3 Rb7 {½-½ (66) Vescovi,G (2619)-Barreto,I (2202) Vitoria 2006}) 15. Qh6 {[%emt 0:13:12][%cal Rh6f8] White is slightly better.} Be6 16. b4 c4 17. d4 Nf4 (17... exd4 $14 18. Nfxd4 (18. Nexd4 Rfe8 $14) 18... Bf7) 18. Nxf4 $16 exf4 19. Rfe1 Bg8 20. e5 (20. c3 $142) 20... fxe5 21. Rxe5 Qg7 22. Qxg7+ Kxg7 23. Rae1 h6 24. Re7+ Kf6 25. Rc7 {[%emt 0:00:56] White is much more active.} Bd5 (25... Rfc8 $16 26. Rd7 Rd8) 26. Ne5 $36 {[%emt 0:01:50][%mdl 2048] Threatens to win with Nd7+. White is on the roll.} Rfe8 27. h4 h5 28. f3 Rec8 (28... g5 $16 29. hxg5+ Kxg5) 29. Rh7 {[%emt 0:01:44] Intending Nd7+ and mate.} Re8 30. Kf2 Kf5 $2 (30... b5 {might work better.} 31. c3 a6) 31. Rc7 {[%emt 0:02:34] Hoping for Rg7.} Re6 $2 (31... a5 $18 32. bxa5 Rxa5) 32. Rf7+ Rf6 {[%emt 0:00:02] [#]} 33. Nd7 $1 {[%emt 0:00:19] Weighted Error Value: White=0.15 (very precise) /Black=0.69} 1-0

[Event "13th KIIT Festival-A 2022"]
[Site "Bhubaneswar"]
[Date "2022.05.26"]
[Round "7.11"]
[White "Laxman, R.R."]
[Black "Bristy Mukherjee"]
[Result "1-0"]
[ECO "A96"]
[WhiteElo "2420"]
[BlackElo "1887"]
[Annotator "TA"]
[PlyCount "105"]
[EventDate "2022.05.15"]
[EventType "swiss"]
[EventCountry "IND"]
[SourceTitle "playchess.com"]
[Source "ChessBase"]
[SourceQuality "1"]
[TimeControl "5400+30"]

1. d4 f5 2. Nf3 e6 3. g3 Nf6 4. Bg2 Be7 5. c4 d6 6. O-O O-O 7. b3 Qe8 8. Bb2 $1 {[%emt 0:00:08] 8.Bb2 scores better than 8.Nc3.} Nbd7 9. Nc3 {[%emt 0:00:25] A96: Classical Dutch: Fluid Systems: Early deviations.} Qh5 10. e3 Ne4 11. Nxe4 {[%emt 0:08:54] White is slightly better.} fxe4 12. Nd2 Qxd1 13. Raxd1 d5 14. f3 exf3 15. Bxf3 Nf6 16. e4 c6 {[%emt 0:01:34] [#]} 17. a3 $146 ({Predecessor:} 17. e5 Ne8 18. Bh5 g6 19. Rxf8+ Bxf8 20. Bg4 Ng7 21. Nf3 Nf5 22. Kf2 Bd7 23. Bh3 {½-½ (41) Polushkina,S (2064)-Seliger,F (1983) Germany 2009}) 17... Bd7 18. Rde1 {[%emt 0:02:14] exd5 is the strong threat.} Rf7 19. Bg2 Raf8 20. Bh3 g5 21. b4 Kg7 22. Bc3 h5 23. a4 dxe4 24. Bg2 Kh6 25. a5 a6 26. Bxe4 (26. Nxe4 $14 Nxe4 27. Rxf7 (27. Bxe4 Rxf1+ 28. Rxf1 Rxf1+ 29. Kxf1 Be8 $14) 27... Rxf7 28. Bxe4) 26... Nxe4 $11 27. Rxf7 Rxf7 28. Nxe4 Rf3 29. Kg2 g4 30. Bd2+ (30. Rf1 $11) 30... Kg7 (30... Kg6 $15 {deserves consideration.}) 31. Nc5 Bxc5 32. bxc5 {[%emt 0:00:00][%mdl 4096] Endgame KRB-KRB} ({Of course not} 32. dxc5 Kf6 $15) 32... Rd3 33. Bf4 Ra3 34. Be5+ Kg8 35. Rb1 Bc8 36. Rf1 Bd7 37. Rf6 Ra2+ 38. Kg1 Ra1+ {[%emt 0:00:04] [#]} (38... Be8 $1 $11) 39. Kf2 $1 $16 {[%emt 0:00:00] Strongly threatening Rh6.} Ra2+ ({Black should play} 39... Rxa5 40. Rg6+ Kf8) 40. Ke3 Ra3+ (40... Be8 $16 {was called for.} 41. Rh6 (41. Rxe6 Bf7 $16) 41... Kf8) 41. Ke4 $18 Rf3 (41... Ra1 $142 42. Rh6 Rxa5 43. Rxh5 Ra1) 42. Rh6 {[%emt 0:00:00] Black must now prevent Rh8+.} Be8 (42... Rf5 {might work better.} 43. Rh8+ Kf7) 43. Rh8+ Kf7 44. Bd6 {[%emt 0:00:00] And now Rf8+ would win.} Bd7 45. Rd8 Be8 46. Rb8 Rb3 $2 (46... Rf2 47. Rxb7+ Kf6 48. Be7+ Kg6) 47. Kf4 Rf3+ {[%emt 0:01:04] [#]} 48. Kg5 $1 Rf5+ $2 (48... Rb3 49. Kxh5 Rb2 50. Kxg4 Rxh2 51. Rxb7+ Kg6) 49. Kh6 {[%emt 0:00:00] White is clearly winning.} Rf2 50. Be5 Rb2 51. d5 {[%emt 0:00:00][%cal Bd4d5,Bd5e6][%mdl 32] White threatens dxe6+ and mate.} Rb3 52. dxe6+ Ke7 53. Bd6+ {[%emt 0:00:00] Weighted Error Value: White=0.18 (very precise) /Black=0.39} 1-0

[Event "13th KIIT Festival-A 2022"]
[Site "Bhubaneswar"]
[Date "2022.05.26"]
[Round "7.12"]
[White "Praloy Sahoo"]
[Black "Abdyjapar, Asyl"]
[Result "1-0"]
[ECO "B09"]
[WhiteElo "2065"]
[BlackElo "2346"]
[Annotator "TA"]
[PlyCount "93"]
[EventDate "2022.05.15"]
[EventType "swiss"]
[EventCountry "IND"]
[SourceTitle "playchess.com"]
[Source "ChessBase"]
[SourceQuality "1"]
[TimeControl "5400+30"]

1. e4 d6 2. d4 Nf6 3. Nc3 g6 4. f4 Bg7 5. Nf3 O-O 6. Be3 a6 {[%emt 0:01:26] B09: Pirc Defence: Austrian Attack.} (6... b6 $11) 7. a4 (7. e5 $14) 7... b6 $11 8. Bd3 Bb7 {[%emt 0:00:44] The position is equal.} 9. d5 (9. O-O $142) 9... c6 {[%emt 0:03:40][%cal Rc6d5] [#]} 10. O-O $146 ({Predecessor:} 10. dxc6 Nxc6 11. O-O Rc8 12. h3 Nb4 13. Qe2 Nd7 14. Bd4 Bxd4+ 15. Nxd4 e5 16. Nb3 exf4 17. Rxf4 {0-1 (54) Padjen,Z (1975)-Matic,Z (2260) Zagreb 2018}) 10... Nbd7 11. dxc6 Bxc6 12. Qe2 Qc7 13. Bd4 Nc5 14. Rfe1 Nxd3 15. cxd3 b5 16. axb5 axb5 17. b4 Qb7 18. Nd2 {[%emt 0:02:34] [#]} (18. Rac1 $11) 18... Nxe4 $1 $17 19. Bxg7 Qb6+ 20. Kf1 Nxd2+ 21. Qxd2 Rxa1 22. Rxa1 Kxg7 23. Qf2 {[%emt 0:01:24] Against Qd4} Qxf2+ (23... Qc7 $17 {[%cal Oc6g2] And now ...Bxg2+! would win.} 24. Kg1 Ra8) 24. Kxf2 {[%emt 0:00:02][%mdl 4096] Endgame KRB-KRN} Rc8 25. g3 Be8 26. Ra3 h5 27. Ke3 e5 28. Ne4 Rd8 (28... exf4+ $11 29. Kxf4 Rc6) 29. Ra6 $1 $14 d5 30. Nc5 {[%emt 0:00:25] White is more active.} d4+ 31. Ke4 exf4 32. Kxf4 Kh6 (32... Rd5 $14) 33. h4 Kg7 (33... Rd5 $16 {is a better defense.}) 34. Ke5 $18 Bd7 {[%emt 0:01:00] [#]} 35. Rd6 $1 Re8+ 36. Kxd4 Bf5 {[%emt 0:00:13] [#]} (36... Bg4 $142 37. Rb6 Re1) 37. Rb6 $1 Re1 38. Rxb5 Rg1 39. Ra5 Rb1 40. b5 Bg4 41. Ke5 f6+ $2 (41... g5 42. hxg5 Bf3) 42. Kd6 {[%emt 0:00:08] White is clearly winning.} g5 43. Kc7 gxh4 44. gxh4 f5 45. b6 Bf3 46. Ne6+ Kf6 47. Nd4 {[%emt 0:00:01][%csl LRf3,LRf5] What a bad dream for Black.  Weighted Error Value: White=0.18 (very precise) /Black=0.34} 1-0

[Event "13th KIIT Festival-A 2022"]
[Site "Bhubaneswar"]
[Date "2022.05.26"]
[Round "7.13"]
[White "Rohith Krishna S"]
[Black "Priyankara, Chamil"]
[Result "1-0"]
[ECO "E36"]
[WhiteElo "2337"]
[BlackElo "1938"]
[Annotator "TA"]
[PlyCount "65"]
[EventDate "2022.05.15"]
[EventType "swiss"]
[EventCountry "IND"]
[SourceTitle "playchess.com"]
[Source "ChessBase"]
[SourceQuality "1"]
[TimeControl "5400+30"]

1. d4 Nf6 2. c4 e6 3. Nc3 Bb4 4. Qc2 d5 5. a3 Bxc3+ 6. Qxc3 O-O 7. Nf3 b6 {[%emt 0:01:53] E36: Nimzo-Indian: Classical: 4...d5 5 a3.} 8. Bg5 c6 (8... dxc4 $11 {might be stronger.} 9. e3 Nbd7) 9. e3 $14 Bb7 {[%emt 0:00:39] [#] White is slightly better.} 10. cxd5 $146 ({Predecessor:} 10. Bd3 Nbd7 11. O-O Rc8 12. cxd5 exd5 13. b4 h6 14. Bh4 Re8 15. Bf5 g5 16. Bg3 {1-0 (31) Gumularz,S (2062)-Pijewski,M (1530) Maslow Pierwszy 2014}) 10... cxd5 11. Bd3 (11. Bxf6 $5 gxf6 12. Bb5 $11) 11... Nc6 12. O-O Rc8 13. Qd2 h6 14. Bh4 g5 $1 15. Bg3 Ne4 16. Bxe4 dxe4 17. Ne5 Nxe5 18. Bxe5 f6 19. Bg3 Qd7 20. Qb4 Bd5 21. Rfc1 Kf7 22. h4 Rc6 23. a4 Rfc8 24. Rxc6 Rxc6 25. a5 Rc4 26. Qe1 b5 27. a6 b4 28. Qd1 Qb5 29. Bd6 Rc6 30. Bc5 {[%emt 0:01:37] [#] Strongly threatening Qh5+.} b3 $2 (30... Kg6 $11) 31. Qh5+ $18 {[%emt 0:00:15] White is clearly winning.} Kg7 32. Qe8 {[%emt 0:00:26] White threatens Bf8+ and mate.} e5 33. h5 {[%emt 0:05:03] Weighted Error Value: White=0.07 (flawless) /Black=0.09 (flawless)} 1-0

[Event "13th KIIT Festival-A 2022"]
[Site "Bhubaneswar"]
[Date "2022.05.26"]
[Round "7.14"]
[White "Shiva Pavan Teja Sharma U"]
[Black "Konguvel, Ponnuswamy"]
[Result "1-0"]
[ECO "B06"]
[WhiteElo "2064"]
[BlackElo "2331"]
[Annotator "TA"]
[PlyCount "91"]
[EventDate "2022.05.15"]
[EventType "swiss"]
[EventCountry "IND"]
[SourceTitle "playchess.com"]
[Source "ChessBase"]
[SourceQuality "1"]
[TimeControl "5400+30"]

1. e4 {[%emt 0:00:17] Gutman,L} c5 2. Nf3 g6 3. c3 d5 4. exd5 Qxd5 5. d4 Bg7 6. Na3 cxd4 7. Nb5 {[%emt 0:00:32] aiming for Nc7+. B06: Modern Defence.} Na6 {[%emt 0:01:09] Inhibits Nc7+.} 8. Nbxd4 {[%emt 0:00:41] Active counter play!} Nf6 9. Bb5+ {[%emt 0:01:28] The position is equal.} Bd7 10. Bxa6 bxa6 11. O-O O-O 12. Re1 {[%emt 0:00:47] Prevents e5.} Rfe8 13. Ne5 Rab8 {[%emt 0:19:08] [#] Inhibits Qb3.} 14. c4 $146 ({Predecessor:} 14. Qf3 Qxf3 15. Ndxf3 Rb7 16. Ng5 Rf8 17. Nd3 Bb5 18. Nc5 Rc7 19. Nb3 Nd5 20. Bd2 {1-0 (54) Karpatchev,A (2414)-Strunski,A (2362) Ditzingen 2012 CBM 149 [Gutman,L]}) 14... Qd6 15. h3 Rbd8 16. Ndf3 {[%emt 0:01:26] [#]} Bxh3 $1 {[%emt 0:06:50] This bishop pair is nice.} 17. Qxd6 exd6 18. Nxf7 Rxe1+ 19. Nxe1 Kxf7 20. gxh3 Rc8 21. Be3 Rxc4 22. Rd1 {[%emt 0:00:52] Prevents Nd5.} Ne4 (22... Ke6 $15) 23. b3 (23. f3 $11 {remains equal.}) 23... Rc7 $17 24. Kg2 Be5 25. Nd3 Ke6 26. f4 (26. Re1 $15) 26... Bf6 27. Kf3 d5 28. Nb4 Nc3 29. Nxa6 Rc8 (29... Nxd1 30. Nxc7+ Kd6 31. Nb5+ Kc6 32. Nxa7+ Kd7 33. Nb5 $16) 30. Rd2 Ne4 31. Rd3 Be7 {[%emt 0:01:01] Inhibits Nb4. Hoping for ...Rc6.} 32. b4 $1 Rc2 33. a3 {[%emt 0:00:55] [#]} (33. a4 $11 {keeps the balance.}) 33... Rh2 $2 {[%emt 0:00:19][%mdl 8192] This costs Black the game.} (33... Bd6 $1 $17 {Strongly threatening ...Rh2.} 34. Bxa7 Rh2) 34. Nc7+ $18 Kf7 35. Nxd5 Nf6 36. Nxf6 Bxf6 $2 {[%emt 0:00:21][%mdl 4096] Endgame KRB-KRB} (36... Kxf6 37. Kg3 (37. Bxa7 Rxh3+ 38. Ke4 Rxd3 $16) 37... Ra2 38. Bxa7 Kf5) 37. Rd7+ Ke6 38. Rxa7 ({Resist} 38. Rxh7 Kf5 39. a4 (39. Rxa7 Rxh3+ 40. Kf2 Ke4 $16) (39. Bxa7 Ra2 $16) 39... Rb2 $18) 38... Rxh3+ 39. Ke4 h5 $2 (39... Be7 40. Ra6+ Kd7) 40. b5 Rh1 41. b6 {[%emt 0:00:43] Intending b7 and mate.} Rb1 42. b7 {[%emt 0:01:25] Ra6+ would kill now.} Be7 43. Ra6+ Kd7 44. Rb6 {[%emt 0:00:42] White mates.} Rxb6 45. Bxb6 Bd6 46. Ba7 {[%emt 0:00:09] Weighted Error Value: White=0.19 (very precise) /Black=0.46} 1-0

[Event "13th KIIT Festival-A 2022"]
[Site "Bhubaneswar"]
[Date "2022.05.26"]
[Round "7.16"]
[White "Sangma, Rahul"]
[Black "Anushka Gupta"]
[Result "1-0"]
[ECO "A14"]
[WhiteElo "2232"]
[BlackElo "1658"]
[Annotator "TA"]
[PlyCount "85"]
[EventDate "2022.05.15"]
[EventType "swiss"]
[EventCountry "IND"]
[SourceTitle "playchess.com"]
[Source "ChessBase"]
[SourceQuality "1"]
[TimeControl "5400+30"]

1. Nf3 Nf6 2. c4 e6 3. b3 d5 4. Bb2 Be7 5. g3 b6 6. Bg2 Bb7 7. O-O O-O 8. e3 Nbd7 9. Qe2 c5 10. Nc3 {[%emt 0:00:53] 10.Rd1 is not played anymore.} Re8 {[%emt 0:03:21] A14: English Opening: 1...e6 with b3 by White.} 11. Rfd1 Rc8 12. Rac1 Qc7 {[%emt 0:02:15] The position is equal.} 13. cxd5 Nxd5 14. Nxd5 Bxd5 15. e4 Bc6 16. d4 Qb7 {[%emt 0:12:00] [#]} 17. dxc5 $146 ({Predecessor:} 17. Re1 Qa8 18. h4 a5 19. Ng5 h6 20. Nxf7 Kxf7 21. d5 exd5 22. exd5 Bf6 23. Qf3 {0-1 (50) Schupp,U (2128)-Lehmann,S (1990) Germany 2017}) 17... Bxc5 18. Nd4 Bxd4 19. Rxd4 Nc5 {[%emt 0:05:17] [#]} (19... a5 $14) 20. f3 (20. b4 $1 $16 e5 21. Rd6 (21. Rdc4 Ne6 $16)) 20... a5 21. Rcd1 b5 (21... f5 $14) 22. Rd6 $16 b4 23. Qe3 Bb5 (23... Nd7 $142 24. Qg5 f6) 24. Qg5 {[%emt 0:03:23][%csl Gb2][%cal Rg5g7] [#]} e5 25. Bxe5 $40 {[%emt 0:06:19][%csl Ge5][%cal Rg5g7][%mdl 128] White wants a kill.} Ne6 26. Qe3 {[%emt 0:01:09] White is more active.} Rc6 27. Bh3 h6 28. R6d2 $2 ({White should try} 28. Bxe6 $18 {And now Rd7 would win.} Rxe6 29. Rd8+ Kh7 30. Rb8) 28... Rec8 (28... Ng5 $11 {remains equal.} 29. Bf5 g6) 29. Bb2 Qb6 (29... Rc2 $16 30. Qf2 Rxd2 31. Rxd2 Rc7) 30. Qxb6 $18 Rxb6 31. f4 a4 32. f5 Ng5 (32... Nc5 $16 {is a better defense.}) 33. Rd8+ (33. Bg2 $18) 33... Rxd8 $16 34. Rxd8+ Kh7 35. Bg2 Rc6 $2 {[%emt 0:01:30][%mdl 8192] This move loses the game for Black.} (35... a3 $16 {is more resistant.} 36. Be5 Rc6) 36. bxa4 $18 Bxa4 37. h4 Rc2 38. Be5 ({Less strong is} 38. hxg5 Rxb2 39. e5 Rb1+ 40. Kh2 hxg5 $18) 38... Rxa2 39. hxg5 hxg5 40. Rb8 b3 41. Rb4 f6 42. Bd4 Kh6 43. g4 {[%emt 0:02:29] Weighted Error Value: White=0.27 (precise) /Black=0.53} 1-0

[Event "13th KIIT Festival-A 2022"]
[Site "Bhubaneswar"]
[Date "2022.05.26"]
[Round "7.17"]
[White "Nayak Rajesh"]
[Black "Uddipan Roy"]
[Result "1/2-1/2"]
[ECO "B86"]
[WhiteElo "2179"]
[BlackElo "1453"]
[Annotator "TA"]
[PlyCount "232"]
[EventDate "2022.05.15"]
[EventType "swiss"]
[EventCountry "IND"]
[SourceTitle "playchess.com"]
[Source "ChessBase"]
[SourceQuality "1"]
[TimeControl "5400+30"]

1. e4 c5 2. Nf3 d6 3. d4 cxd4 4. Nxd4 Nf6 5. Nc3 a6 6. Bc4 e6 7. Bb3 Nbd7 8. O-O Nc5 9. Re1 Be7 10. f4 Qc7 {[%emt 0:00:07] B86: Sicilian Scheveningen/Najdorf: 6 Bc4, without early ...b5.} (10... O-O $11) 11. Qf3 (11. e5 dxe5 12. fxe5 (12. Rxe5 b5)) (11. e5 $14 dxe5 12. fxe5 (12. Rxe5 b5 $17)) 11... b5 $15 12. e5 (12. Nd1 $15) 12... Bb7 $17 {[%emt 0:00:32] [#] Black is clearly better.} 13. Qh3 $146 ({Predecessor:} 13. Qg3 Nh5 14. Qg4 g6 15. f5 dxe5 16. fxe6 f6 17. Nf5 Nxb3 18. axb3 Qb6+ 19. Be3 Qxe6 20. Qxh5 Qxf5 21. Qxf5 gxf5 {0-1 (34) Kornthaler,R (2025)-Knechtel,R (2125) Austria 1997}) 13... Nxb3 14. Nxb3 Nd5 15. Nxd5 Bxd5 16. c3 f5 (16... O-O $17 17. Qg3 f6) 17. exd6 (17. exf6 {keeps more tension.} Bxf6 18. Qh5+ Kf8 19. Be3) 17... Qxd6 18. Be3 Rc8 19. Qh5+ g6 20. Qh6 Bf8 {[%emt 0:00:34] Against Qg7. A strong pair of Bishops.} 21. Qh4 Be7 22. Qh6 {[%emt 0:01:45] Black must now prevent Qg7.} Bf8 {[%emt 0:00:06] Against Qg7} 23. Qh4 Be7 24. Qf2 O-O 25. Bd4 Qd8 (25... b4 $142) 26. Bb6 Qe8 27. Nd4 Bf6 28. Rad1 Qf7 29. a3 Rfe8 30. Nf3 Bxf3 31. Qxf3 e5 32. fxe5 Bxe5 33. g3 Bf6 34. Rxe8+ Rxe8 35. Bf2 Re4 36. Rd6 a5 (36... Be7 $11 {remains equal.} 37. Rxa6 Qb3) 37. Qd3 $16 b4 {[%emt 0:04:14] [#]} 38. cxb4 $1 axb4 {[%emt 0:00:05] [#]} 39. a4 $1 Bxb2 $2 (39... Re5 $16 {is tougher.}) 40. a5 $18 Bf6 {[%emt 0:02:09] Prevents Rd8+.} 41. a6 Re7 42. a7 $2 (42. Kg2 $18) 42... Rxa7 $11 43. Bxa7 Qxa7+ {[%emt 0:00:04][%mdl 4096] Endgame KQR-KQB} 44. Kg2 Qf7 45. Rb6 h6 46. Rxb4 Bg7 47. h4 (47. Rb6 $16) 47... Qa2+ {[%emt 0:00:15] The position is equal.} 48. Kh3 {[%emt 0:00:12][%cal Oh4h5] Threatens to win with h5!} Qa8 49. Qb1 {[%emt 0:00:27] Prevents Qh1+.} Qf3 50. Rf4 (50. Qb3+ $6 Qxb3 51. Rxb3 h5 $16) 50... Qe2 51. Qb3+ (51. Qb7 $6 h5 52. Qg2 Qd1 $16) 51... Kh7 52. Qd5 Be5 53. Rf3 {[%emt 0:00:39][%cal Oh4h5] And now h5! would win.} Qe1 54. Kg2 {[%emt 0:00:22][%cal Oh4h5] Prevents Qh1+. h5! is the strong threat.} Qe2+ 55. Rf2 Qe3 56. Qf7+ Kh8 $1 57. Qe8+ Kh7 58. Qd7+ Kh8 59. Qc8+ Kh7 60. Qb7+ Kh8 61. Rf3 {[%emt 0:00:25] Dancing on a razor blade.} ({But not} 61. Qf3 $6 Qxf3+ 62. Rxf3 (62. Kxf3 Kg7 $16) 62... Kg7 $16) 61... Qe2+ 62. Kh3 Qe1 ({Don't play} 62... Qc4 63. h5 Qg4+ 64. Kg2 Qxh5 65. Qd5 $16 (65. Re3 f4 $16)) 63. Rb3 Qf1+ 64. Qg2 Qxg2+ 65. Kxg2 {[%emt 0:00:04][%cal Oh4h5] KR-KB} h5 66. Rb7 Bg7 67. Kf3 {[%emt 0:00:09] aiming for Kf4.} Kh7 68. Ke3 Kh6 69. Re7 Bf8 70. Rd7 g5 71. Kf3 Kg6 72. Rd8 Be7 73. Rd7 Bf6 74. Rd6 gxh4 75. gxh4 Kf7 76. Kf4 Bxh4 77. Kxf5 Ke7 78. Rh6 Bf2 79. Rxh5 Kd6 80. Ke4 Be1 81. Rd5+ Ke6 82. Rd1 Bf2 83. Rf1 Bc5 84. Ra1 Kd7 85. Kd5 Bb6 86. Rh1 Be3 87. Rh7+ Kc8 88. Kc6 Kb8 89. Rh8+ Ka7 90. Rh4 Ka8 91. Kc7 Bf2 92. Rg4 Be3 93. Ra4+ Ba7 94. Rb4 Bg1 95. Rh4 Bf2 96. Rh3 Bd4 97. Ra3+ Ba7 98. Rb3 Bg1 99. Rb8+ Ka7 100. Rb1 Bh2+ 101. Kc6 Bg3 102. Rb3 Bh2 103. Rf3 Be5 104. Rf7+ Ka8 105. Rb7 Bb8 106. Kb6 Bh2 107. Ra7+ Kb8 108. Rg7 Ka8 109. Ra7+ Kb8 110. Ka6 Bc7 111. Rb7+ Kc8 112. Rb5 Bd6 113. Kb6 {[%emt 0:00:05] Strongly threatening Kc6.} Kd7 114. Rd5 Ke6 115. Kc6 Be5 116. Rd2 Kf5 {[%emt 0:00:10] Weighted Error Value: White=0.18 (very precise) /Black=0.24 (precise)} 1/2-1/2

[Event "13th KIIT Festival-A 2022"]
[Site "Bhubaneswar"]
[Date "2022.05.26"]
[Round "7.18"]
[White "Mayank Chakraborty"]
[Black "Alekhya Mukhopadhyay"]
[Result "0-1"]
[ECO "B46"]
[WhiteElo "2015"]
[BlackElo "2162"]
[Annotator "TA"]
[PlyCount "62"]
[EventDate "2022.05.15"]
[EventType "swiss"]
[EventCountry "IND"]
[SourceTitle "playchess.com"]
[Source "ChessBase"]
[SourceQuality "1"]
[TimeControl "5400+30"]

1. e4 c5 2. Nf3 e6 3. d4 cxd4 4. Nxd4 Nc6 5. Nc3 Qc7 6. f4 a6 7. Nxc6 bxc6 8. Bd3 d5 9. Qe2 Nf6 10. O-O Be7 {[%emt 0:01:13] B46: Sicilian: Taimanov: 5 Nc3 a6.} 11. b3 c5 12. exd5 exd5 {[%emt 0:02:01] White has an edge.} 13. Re1 Ra7 14. Ba3 {[%emt 0:05:43][%cal Oe2e7] next Qxe7+! is good for White.} Qa5 $1 {[%emt 0:06:39] [#]} 15. Nb5 $146 ({Predecessor:} 15. Bb2 O-O 16. Nxd5 Nxd5 17. Qe4 g6 18. Qxd5 Rd7 19. Qe5 f6 20. Qe6+ Kg7 21. f5 {½-½ (36) Vos,T (2156)-Kim,A (2458) Amsterdam 2016}) 15... axb5 $19 16. Bxc5 {[%emt 0:00:09] [#]} Ne4 $1 17. Bxb5+ {[%emt 0:09:28] [#]} Kf8 $1 ({Stronger than} 17... Bd7 18. Bxa7 Qxa7+ 19. Kh1 $17) 18. Bd4 Nc3 19. Qf2 (19. Qe5 $142 f6 20. Bxc3 (20. Qb8 $2 Ra8 $19) 20... fxe5 21. Bxa5 Rxa5 22. a4) 19... Nxb5 20. Bb6 {[%emt 0:00:04] [#]} (20. Bc5 Bd6 21. Qe3) 20... Qc3 $1 {[%emt 0:01:19] Black is clearly winning.} 21. Bxa7 Nxa7 22. Kh1 Nc6 23. Rad1 d4 24. f5 h5 25. Qf4 Qa5 {[%emt 0:02:28] Against Qc7} 26. Qe4 Rh6 27. f6 Rxf6 {[%emt 0:00:42] aiming for ...Re6.} 28. Rf1 Bf5 29. Qe1 Qxe1 30. Rdxe1 Bxc2 31. Rg1 d3 {[%emt 0:00:03] Black took control after the opening.  Weighted Error Value: White=0.71/Black=0.04 (flawless)} 0-1

[Event "13th KIIT Festival-A 2022"]
[Site "Bhubaneswar"]
[Date "2022.05.26"]
[Round "7.19"]
[White "Ankit Ray"]
[Black "Rohit S"]
[Result "1-0"]
[ECO "D02"]
[WhiteElo "1932"]
[BlackElo "2141"]
[Annotator "TA"]
[PlyCount "89"]
[EventDate "2022.05.15"]
[EventType "swiss"]
[EventCountry "IND"]
[SourceTitle "playchess.com"]
[Source "ChessBase"]
[SourceQuality "1"]
[TimeControl "5400+30"]

1. d4 Nf6 2. Nf3 d5 3. g3 c5 4. Bg2 cxd4 5. O-O h6 6. b3 {[%emt 0:01:58] D02: 1 d4 d5 2 Nf3 sidelines, including 2...Nf6 3 g3 and 2...Nf6 3 Bf4.} e6 7. Bb2 Bc5 8. Nxd4 {[%emt 0:00:29] White is slightly better.} e5 9. Nf3 e4 10. Nd4 O-O 11. e3 {[%emt 0:00:22] [#]} Nc6 $146 ({Predecessor:} 11... Bg4 12. Qc1 Nbd7 13. h3 Bh5 14. Ba3 b6 15. c4 Rc8 16. Qc3 dxc4 17. bxc4 Re8 {0-1 (25) Schandorff,L (2480)-Bjerre,J (2529) Denmark 2020}) 12. Nxc6 bxc6 13. c4 a5 14. Qc2 Be7 15. Nc3 Ba6 16. Rfd1 Qc8 17. Rac1 Qf5 18. Ne2 {[%emt 0:04:01] White stays focused until the end.} Ng4 (18... a4 $16) 19. Nd4 ({Better is} 19. Nf4 $18) 19... Qh5 {[%emt 0:00:55] [#]} 20. h3 ({Don't play} 20. Nxc6 Qxh2+ 21. Kf1 Bg5 $16) 20... Ne5 {[%emt 0:00:08] [#]} 21. g4 $1 $36 {[%emt 0:00:22][%mdl 2048] White is in control.} Qg5 22. Nf5 Bf6 (22... g6 $16 {was necessary.}) 23. Bxe5 $18 ({Not} 23. cxd5 Bd3 24. Qc5 Nf3+ 25. Bxf3 Bxb2 $16) 23... Bxe5 24. cxd5 Bd3 25. Qxc6 {[%emt 0:00:48][%cal Od1d3] Threatens to win with Rxd3!} h5 $2 {[%emt 0:00:14] [#]} (25... g6 {might work better.}) 26. Rxd3 $1 exd3 27. f4 Bxf4 28. exf4 Qxf4 29. Rf1 Qg5 {[%emt 0:01:41] Inhibits Ne7+.} 30. Qc3 d2 31. h4 Qxg4 32. Qxd2 {[%emt 0:00:07] aiming for Rf4.} Rae8 {[%emt 0:00:56] White must now prevent ...Re2.} 33. Rf4 Qg6 (33... Re1+ $142 34. Kh2 Qe2) 34. d6 {[%emt 0:00:18] Hoping for Ne7+.} Kh8 35. Ne7 Qe6 36. Rf5 Rxe7 37. Rxh5+ Kg8 {[%emt 0:00:05] And now ...Rd7 would win.} 38. dxe7 Qxe7 39. Rxa5 Qxh4 40. Ra8 Rxa8 41. Bxa8 Qg4+ 42. Bg2 f5 43. b4 f4 44. b5 {[%emt 0:00:06] b6 would kill now.} Qh4 45. b6 {[%emt 0:00:24] Weighted Error Value: White=0.07 (flawless) /Black=0.53} 1-0